[Event "January 2 Late 2024"]
[Site "https://www.chess.com"]
[Date "2024.01.02"]
[Round "2"]
[White "Rojas Alarcon, Julian Antonio"]
[Black "Hakobyan, Aram"]
[Result "0-1"]
[Board "20"]
[TimeControl "180+1"]
[WhiteFideId "5107407"]
[BlackFideId "13306677"]
[WhiteElo "2643"]
[BlackElo "3022"]
[WhiteTeam "MEX"]
[BlackTeam "ARM"]
[WhiteClock "0:00:17"]
[BlackClock "0:00:54"]

1. c4 Nf6 2. g3 c6 3. Bg2 d5 4. Nf3 dxc4 5. a4 a5 6. Na3 Be6 7. Ng5 Bd5 8. e4 h6 9. exd5 hxg5 10. dxc6 Nxc6 11. Nxc4 e6 12. O-O Qd3 13. b3 Nd4 14. Ne5 Ne2+ 15. Kh1 Nxg3+ 16. fxg3 Qxg3 17. Nf3 Bd6 18. Kg1 Rxh2 19. Qe2 O-O-O 20. d4 Rdh8 21. Bxg5 Rh1# 0-1

[Event "January 2 Late 2024"]
[Site "https://www.chess.com"]
[Date "2024.01.02"]
[Round "2"]
[White "Bortnyk, Olexandr"]
[Black "Wadsworth, Matthew J"]
[Result "1-0"]
[Board "21"]
[TimeControl "180+1"]
[WhiteFideId "14120828"]
[BlackFideId "415804"]
[WhiteElo "3011"]
[BlackElo "2643"]
[WhiteTeam "UKR"]
[BlackTeam "ENG"]
[WhiteClock "0:00:22"]
[BlackClock "0:00:06"]

1. e4 c5 2. c3 d5 3. exd5 Qxd5 4. d4 e6 5. Be3 Nf6 6. Nf3 cxd4 7. cxd4 Bb4+ 8. Nc3 O-O 9. Bd3 b6 10. Qe2 Bb7 11. O-O Bxc3 12. bxc3 Qh5 13. Ne5 Qxe2 14. Bxe2 Nbd7 15. f4 Rac8 16. c4 Rfd8 17. Rfc1 Ne8 18. a4 Nd6 19. a5 Nf5 20. Bf2 f6 21. Nd3 Nb8 22. axb6 axb6 23. d5 exd5 24. Bxb6 Re8 25. Bg4 g6 26. Bxf5 gxf5 27. c5 Nd7 28. Kf2 d4 29. Ra7 Be4 30. Rxd7 Bxd3 31. Rxd4 Re2+ 32. Kf3 Bb5 33. Rb1 Rce8 34. Kg3 Bc6 35. Rg1 Kf7 36. Kh4 Rg8 37. h3 Bxg2 38. Rd7+ Ke6 39. Rd6+ Ke7 40. Ra1 Re3 41. Ra7+ Kf8 42. Rd8+ Re8 43. Rdd7 Rg6 44. Rxh7 Re3 45. Rh8+ Rg8 46. Rxg8+ Kxg8 47. Kh5 Rg3 48. Kh6 Be4 49. Rc7 Kf8 50. c6 Rc3 51. Kg6 Rxc6 52. Bc5+ Ke8 53. Rxc6 Bxc6 54. h4 Bd5 55. Kxf6 Bf3 56. Kg6 Bd5 57. h5 Bf7+ 58. Kg5 Bg8 59. Kf6 Bf7 60. h6 Bg8 61. Kg7 Bh7 62. Kxh7 Kf7 1-0

[Event "January 2 Late 2024"]
[Site "https://www.chess.com"]
[Date "2024.01.02"]
[Round "2"]
[White "Bjelobrk, Igor"]
[Black "Sarana, Alexey"]
[Result "0-1"]
[Board "22"]
[TimeControl "180+1"]
[WhiteFideId "4300726"]
[BlackFideId "24133795"]
[WhiteElo "2640"]
[BlackElo "3008"]
[WhiteTeam "AUS"]
[BlackTeam "SRB"]
[WhiteClock "0:00:01"]
[BlackClock "0:00:14"]

1. d4 Nf6 2. c4 e6 3. g3 d5 4. Nf3 Be7 5. Bg2 O-O 6. O-O dxc4 7. Qc2 a6 8. a4 Bd7 9. Rd1 Nc6 10. Qxc4 b5 11. axb5 axb5 12. Rxa8 bxc4 13. Rxd8 Rxd8 14. Nbd2 Na5 15. Ne5 Ba4 16. Re1 Bb4 17. e3 c5 18. Rf1 cxd4 19. Ndxc4 Nxc4 20. Nxc4 Bb5 21. b3 d3 22. Rd1 d2 23. Bb2 Nd7 24. Be4 Nc5 25. Bc2 Nd3 26. Bd4 Ne1 27. Be4 f5 28. Bh1 Nc2 29. Be5 Na3 30. Bf3 Nxc4 31. bxc4 Ba4 32. Kf1 Bxd1 33. Bxd1 Rc8 34. Ke2 Rxc4 35. Kd3 Rc1 36. Ke2 Kf7 37. f4 h5 38. Bd4 g6 39. Bb6 Bc3 40. Ba7 Ke7 41. Bb6 Kd6 42. Ba7 Kd5 43. Bb6 Kc4 44. Ba7 Bb4 45. Bd4 Rb1 46. Bb6 Bc5 47. Ba5 Rb2 48. h4 Ra2 49. Bc7 Ra3 50. Kxd2 Bxe3+ 51. Ke2 Bc5 0-1

[Event "January 2 Late 2024"]
[Site "https://www.chess.com"]
[Date "2024.01.02"]
[Round "2"]
[White "Kollars, Dmitrij"]
[Black "Martin Fuentes, Alberto"]
[Result "1-0"]
[Board "23"]
[TimeControl "180+1"]
[WhiteFideId "12909572"]
[BlackFideId "2292289"]
[WhiteElo "3001"]
[BlackElo "2636"]
[WhiteTeam "GER"]
[BlackTeam "ESP"]
[WhiteClock "0:00:09"]
[BlackClock "0:00:02"]

1. e4 e6 2. d4 d5 3. Nc3 Bb4 4. Ne2 dxe4 5. a3 Bxc3+ 6. Nxc3 Nc6 7. d5 exd5 8. Qxd5 Be6 9. Qxd8+ Rxd8 10. Bb5 Ne7 11. Nxe4 a6 12. Bd3 Ne5 13. Be2 Bd5 14. f3 Bxe4 15. fxe4 N7c6 16. Bf4 f6 17. Rd1 Ke7 18. Kf2 Rxd1 19. Rxd1 Rd8 20. Rd5 Ke6 21. c4 Rd6 22. Ke3 Ne7 23. Rxd6+ Kxd6 24. b4 c5 25. Kd2 Nc6 26. Kc3 b6 27. Be3 h6 28. Bd1 a5 29. bxc5+ bxc5 30. h3 Nd4 31. Bxd4 cxd4+ 32. Kxd4 Nc6+ 33. Kc3 Kc5 34. Kb3 Ne5 35. Be2 Ng6 36. Ka4 Nf4 37. Bf1 Kb6 38. c5+ Kxc5 39. Kxa5 Ne6 40. a4 g5 41. Ka6 Kc6 42. Bb5+ Kc7 43. Ka5 Nc5 44. Kb4 Nxe4 45. Kc4 Kd6 46. Kd4 f5 47. Bd3 Nc5 48. Bc2 Ne6+ 49. Kc4 f4 50. a5 h5 51. Bd1 Ng7 52. Bf3 Kc7 53. Kc5 Nf5 54. a6 Kb8 55. Kb6 Kc8 56. a7 Kd7 57. a8=Q Kd6 58. Qd5+ 1-0

[Event "January 2 Late 2024"]
[Site "https://www.chess.com"]
[Date "2024.01.02"]
[Round "2"]
[White "Caspi, Israel"]
[Black "Van Foreest, Jorden"]
[Result "0-1"]
[Board "24"]
[TimeControl "180+1"]
[WhiteFideId "2807394"]
[BlackFideId "1039784"]
[WhiteElo "2635"]
[BlackElo "2999"]
[WhiteTeam "ISR"]
[BlackTeam "NED"]
[WhiteClock "0:02:01"]
[BlackClock "0:02:26"]

1. e4 c5 2. Nf3 d6 3. d4 cxd4 4. Nxd4 Nf6 5. Nc3 e6 6. Be3 Nc6 7. Qd2 Be7 8. f3 a6 9. O-O-O O-O 10. g4 Nxd4 11. Bxd4 b5 12. Kb1 b4 13. Ne2 a5 14. g5 Nd7 15. h4 Ne5 16. Bg2 Nc6 17. Be3 a4 18. f4 Ba6 19. h5 b3 20. cxb3 axb3 21. a3 Na5 22. Bd4 Nc4 23. Qe1 e5 24. fxe5 dxe5 25. Bxe5 Nxe5 26. Rxd8 Rfxd8 27. g6 Bd3+ 28. Ka1 Bxa3 29. bxa3 Rxa3+ 30. Kb2 Ra2+ 31. Kxb3 Bc4+ 32. Kc3 Rd3+ 33. Kb4 Rb2+ 34. Ka4 Bb5+ 35. Ka5 Nc4# 0-1

[Event "January 2 Late 2024"]
[Site "https://www.chess.com"]
[Date "2024.01.02"]
[Round "2"]
[White "Le, Tuan Minh"]
[Black "Hajiyev, Kanan"]
[Result "1-0"]
[Board "25"]
[TimeControl "180+1"]
[WhiteFideId "12401153"]
[BlackFideId "13404148"]
[WhiteElo "2998"]
[BlackElo "2635"]
[WhiteTeam "VIE"]
[BlackTeam "AZE"]
[WhiteClock "0:01:42"]
[BlackClock "0:01:08"]

1. d4 d5 2. Nf3 c6 3. Bf4 Nf6 4. e3 Bf5 5. c4 e6 6. Qb3 Qb6 7. c5 Qxb3 8. axb3 Nbd7 9. b4 Nh5 10. Nc3 Nxf4 11. exf4 Be7 12. b5 O-O 13. Be2 cxb5 14. Bxb5 a6 15. Bxd7 Rfd8 16. Ba4 Bf6 17. Kd2 Bg4 18. Ne5 Bh5 19. Bd1 Bg6 20. Bc2 Bh5 21. f3 Rac8 22. b4 Be7 23. g4 Bg6 24. Bxg6 hxg6 25. h4 Bf8 26. Ke3 Ra8 27. Ra2 Rac8 28. Rah2 Be7 29. Na4 Ra8 30. Nb6 Rab8 31. h5 g5 32. fxg5 Bxg5+ 33. f4 Bf6 34. Ned7 Be7 35. h6 gxh6 36. Rxh6 Rxd7 37. Nxd7 Rd8 38. Ne5 Rf8 39. Rh8+ 1-0

[Event "January 2 Late 2024"]
[Site "https://www.chess.com"]
[Date "2024.01.02"]
[Round "2"]
[White "Espinoza Villanueva, Rodrigo"]
[Black "Iturrizaga Bonelli, Eduardo"]
[Result "1-0"]
[Board "26"]
[TimeControl "180+1"]
[WhiteFideId "5140188"]
[BlackFideId "3901211"]
[WhiteElo "2631"]
[BlackElo "2997"]
[WhiteTeam "MEX"]
[BlackTeam "ESP"]
[WhiteClock "0:00:07"]
[BlackClock "0:00:00"]

1. e4 c5 2. Nf3 e6 3. b3 b6 4. Bb2 Bb7 5. d3 Nc6 6. Nbd2 Nf6 7. g3 d5 8. Bg2 Be7 9. O-O O-O 10. Re1 a5 11. a4 d4 12. Nc4 Nd7 13. e5 Qc7 14. Qe2 Nb4 15. h4 h6 16. Qd2 Rad8 17. Re2 Rfe8 18. Rae1 Nf8 19. Qf4 Bd5 20. Bc1 Qb7 21. Qg4 Kh7 22. Bf4 Ng6 23. Bc1 Na2 24. Bd2 Rd7 25. h5 Nf8 26. Re4 Bd8 27. Nh2 Bc7 28. Rf4 Bxg2 29. f3 Bxf3 30. Nxf3 f5 31. Qh3 Rf7 32. g4 fxg4 33. Qxg4 Rxf4 34. Qxf4 Nd7 35. Nd6 Bxd6 36. exd6 Rf8 37. Ng5+ hxg5 38. Qxg5 Rf6 39. Rxe6 Qf3 40. Rxf6 Qxf6 41. Qg4 Qxd6 42. Bf4 Qe7 43. Qg6+ Kh8 44. h6 gxh6 45. Bxh6 Ne5 46. Qxb6 Nb4 47. Qxa5 Qf6 48. Qxc5 Nf3+ 49. Kf2 Ng5+ 50. Kg1 Nh3+ 51. Kg2 1-0

[Event "January 2 Late 2024"]
[Site "https://www.chess.com"]
[Date "2024.01.02"]
[Round "2"]
[White "Svane, Rasmus"]
[Black "Brown_Mamba24"]
[Result "1-0"]
[Board "27"]
[TimeControl "180+1"]
[WhiteFideId "4657101"]
[WhiteElo "2993"]
[BlackElo "2627"]
[WhiteTeam "GER"]
[WhiteClock "0:00:18"]
[BlackClock "0:00:02"]

1. Nf3 c5 2. c4 g6 3. e4 Nc6 4. d4 cxd4 5. Nxd4 Nf6 6. Nc3 d6 7. f3 Nxd4 8. Qxd4 Bg7 9. Be3 O-O 10. Qd2 Bd7 11. Rc1 Bc6 12. Be2 a5 13. b3 Nd7 14. O-O Nc5 15. Rc2 Qd7 16. Rb1 Rfc8 17. Bf1 Na6 18. a3 Nc5 19. b4 axb4 20. axb4 Bxc3 21. Rxc3 Bxe4 22. Re1 Na4 23. fxe4 Nxc3 24. Qxc3 Qa4 25. e5 Qa3 26. Qxa3 Rxa3 27. exd6 exd6 28. Bf4 Rd8 29. Rd1 Ra4 30. Rxd6 Re8 31. b5 Re1 32. Kf2 Re4 33. Bh6 f6 34. Rxf6 Ra2+ 35. Kf3 Re8 36. c5 Rc2 37. c6 bxc6 38. bxc6 Rc8 39. Bb5 Rc5 40. Ba4 Rg5 41. Bxg5 1-0

[Event "January 2 Late 2024"]
[Site "https://www.chess.com"]
[Date "2024.01.02"]
[Round "2"]
[White "Lamaze, Simon"]
[Black "Salem, A.R. Saleh"]
[Result "1-0"]
[Board "28"]
[TimeControl "180+1"]
[WhiteFideId "36069264"]
[BlackFideId "9301348"]
[WhiteElo "2624"]
[BlackElo "2987"]
[WhiteTeam "FRA"]
[BlackTeam "UAE"]
[WhiteClock "0:00:33"]
[BlackClock "0:00:00"]

1. e4 e5 2. Nf3 Nc6 3. Bc4 Nf6 4. d3 Bc5 5. Bg5 h6 6. Bh4 d6 7. c3 a6 8. Nbd2 Ba7 9. O-O g5 10. Bg3 O-O 11. a4 Nh7 12. Re1 Kh8 13. b4 h5 14. h4 Bg4 15. Qb3 f5 16. exf5 Rxf5 17. Be6 Rf8 18. Bd5 Rb8 19. d4 Ne7 20. Be6 Ng6 21. hxg5 Bxf3 22. Nxf3 Rxf3 23. gxf3 Nxg5 24. Bd5 Qf6 25. dxe5 dxe5 26. c4 h4 27. Bh2 c6 28. Be4 Rg8 29. c5 Nf4 30. Kh1 Ngh3 31. Qb2 a5 32. Rg1 Nxg1 33. Rxg1 Rxg1+ 34. Kxg1 axb4 35. Bxf4 Qxf4 36. Qxb4 h3 37. Qxb7 Qg5+ 38. Kf1 Qc1+ 39. Ke2 Qc4+ 40. Bd3 Qa2+ 41. Kf1 Qg8 42. Qe7 Bb8 43. Qh4+ Kg7 44. Qxh3 Qb3 45. Qh7+ Kf6 46. Qh8+ Kf7 47. Qh7+ Kf6 48. Qg6+ Ke7 49. Qg7+ Ke6 50. Qg8+ 1-0

[Event "January 2 Late 2024"]
[Site "https://www.chess.com"]
[Date "2024.01.02"]
[Round "2"]
[White "Kramnik, Vladimir"]
[Black "Veljanoski, Andrej"]
[Result "1-0"]
[Board "29"]
[TimeControl "180+1"]
[WhiteFideId "4101588"]
[BlackFideId "15003604"]
[WhiteElo "2983"]
[BlackElo "2623"]
[WhiteTeam "RUS"]
[BlackTeam "MKD"]
[WhiteClock "0:00:16"]
[BlackClock "0:00:14"]

1. c4 b6 2. e4 Bb7 3. Nc3 g6 4. d4 Bg7 5. Be3 d6 6. Bd3 Nd7 7. Nge2 e5 8. Qd2 exd4 9. Nxd4 Ngf6 10. f3 Ne5 11. O-O-O O-O 12. Kb1 a6 13. Be2 Re8 14. h4 h5 15. Bg5 b5 16. cxb5 axb5 17. Ndxb5 Qd7 18. Qf4 Nh7 19. Bh6 Bh8 20. g4 hxg4 21. fxg4 Qc6 22. h5 Nc4 23. hxg6 fxg6 24. Rdf1 Bf6 25. Bg7 Rxe4 26. Qh6 Na3+ 27. Nxa3 Rxe2 28. Qxh7+ Kf7 29. Bxf6+ Ke6 30. Qe7# 1-0

[Event "January 2 Late 2024"]
[Site "https://www.chess.com"]
[Date "2024.01.02"]
[Round "2"]
[White "Ehlvest, Jaan"]
[Black "Rasulov, Vugar"]
[Result "0-1"]
[Board "30"]
[TimeControl "180+1"]
[WhiteFideId "4500016"]
[BlackFideId "13402390"]
[WhiteElo "2620"]
[BlackElo "2978"]
[WhiteTeam "USA"]
[BlackTeam "AZE"]
[WhiteClock "0:00:00"]
[BlackClock "0:00:13"]

1. e4 c5 2. Nf3 e6 3. c3 d5 4. e5 d4 5. d3 Nc6 6. g3 Nge7 7. Bg2 Ng6 8. Qe2 Be7 9. Na3 O-O 10. h4 f6 11. exf6 Bxf6 12. h5 Nge7 13. cxd4 cxd4 14. h6 g6 15. Nc4 Nd5 16. O-O Qc7 17. Re1 Bd7 18. a3 Rae8 19. Ng5 b5 20. Ne4 bxc4 21. dxc4 Nb6 22. b4 Bh8 23. Rb1 d3 24. Qxd3 Ne5 25. Qe2 Qxc4 26. Nc5 Qxe2 27. Rxe2 Bb5 28. Re4 Bc6 29. Re2 Nf3+ 30. Kh1 Bd5 31. Bb2 Bxb2 32. Rbxb2 Nc4 33. Rbc2 Nd4 34. Bxd5 exd5 35. Rxe8 Rxe8 36. Rc1 Re2 37. Rd1 Nf5 38. Rxd5 Rxf2 39. Rd7 Nce3 40. Ne4 Rf1+ 41. Kh2 Nxh6 42. Nd6 Nhg4+ 0-1

[Event "January 2 Late 2024"]
[Site "https://www.chess.com"]
[Date "2024.01.02"]
[Round "2"]
[White "Anton Guijarro, David"]
[Black "Poltorak, Sebastian"]
[Result "1-0"]
[Board "31"]
[TimeControl "180+1"]
[WhiteFideId "2285525"]
[BlackFideId "1199498"]
[WhiteElo "2973"]
[BlackElo "2619"]
[WhiteTeam "ESP"]
[BlackTeam "POL"]
[WhiteClock "0:01:32"]
[BlackClock "0:00:18"]

1. Nf3 c5 2. e3 Nc6 3. d4 cxd4 4. exd4 d5 5. Ne5 Bd7 6. c3 Nxe5 7. dxe5 e6 8. Bd3 Bc5 9. Qg4 Kf8 10. O-O Ne7 11. Nd2 Ng6 12. Nf3 Qb6 13. b4 Be7 14. Be3 Qc7 15. Bd4 a6 16. a4 a5 17. b5 b6 18. h4 Bc5 19. h5 Ne7 20. h6 g6 21. Rac1 Nf5 22. Bxf5 exf5 23. Qf4 Be6 24. Rfd1 Rc8 25. c4 dxc4 26. Bxc5+ Qxc5 27. Rd6 c3 28. Qg5 Re8 29. Qf6 Rg8 30. Ng5 Re7 31. Rd8+ Re8 32. Nxh7# 1-0

[Event "January 2 Late 2024"]
[Site "https://www.chess.com"]
[Date "2024.01.02"]
[Round "2"]
[White "Yagupov, Igor"]
[Black "Matlakov, Maxim"]
[Result "0-1"]
[Board "32"]
[TimeControl "180+1"]
[WhiteFideId "4113632"]
[BlackFideId "4168003"]
[WhiteElo "2619"]
[BlackElo "2964"]
[WhiteTeam "RUS"]
[BlackTeam "RUS"]
[WhiteClock "0:00:00"]
[BlackClock "0:00:12"]

1. e4 e5 2. Nf3 Nc6 3. Bb5 a6 4. Ba4 Bc5 5. c3 Nge7 6. O-O Ba7 7. d4 Ng6 8. Bg5 f6 9. Be3 O-O 10. Nbd2 d6 11. h3 Kh8 12. Re1 Bd7 13. Nf1 Qe8 14. Bc2 Nce7 15. Ng3 Qf7 16. Bb3 Be6 17. Bxe6 Qxe6 18. Qb3 Qxb3 19. axb3 Kg8 20. b4 Kf7 21. Kf1 Rfe8 22. d5 Bxe3 23. Rxe3 Nf4 24. c4 c6 25. Ne2 cxd5 26. cxd5 Nxe2 27. Kxe2 Rec8 28. Rc3 f5 29. Kd3 fxe4+ 30. Kxe4 Ng8 31. Ng5+ Kg6 32. Rg3 Nf6+ 33. Kd3 Nh5 34. Rg4 Nf4+ 35. Kd2 h5 36. Rg3 Kf5 37. Ne6 Nxe6 38. dxe6 Rg8 39. Rc1 Kxe6 40. Rc7 g5 41. Rxb7 Raf8 42. Rf3 Rxf3 43. gxf3 Rf8 44. Ke3 Rf4 45. b5 axb5 46. Rxb5 Rh4 47. b3 Rxh3 48. Ke2 g4 49. fxg4 hxg4 50. Rb8 d5 51. Rg8 Kf5 52. Rf8+ Ke4 53. Rg8 Rxb3 54. Rxg4+ Kf5 55. Rg8 d4 56. Rf8+ Ke6 57. f3 Rb2+ 58. Ke1 Kd5 59. Rd8+ Kc4 60. Re8 Rb5 61. Kd2 Ra5 62. Rc8+ Kd5 63. Rd8+ Ke6 64. Re8+ Kf5 65. Rf8+ Kg5 66. Rf7 Kh4 67. Rf5 Kg3 68. Kd3 Ra3+ 69. Kd2 Re3 70. Kc2 Kf2 71. Kd2 Kg3 72. Kc2 Kg2 73. Kd2 Kf2 74. Kc2 Ke2 75. Kb2 d3 0-1

[Event "January 2 Late 2024"]
[Site "https://www.chess.com"]
[Date "2024.01.02"]
[Round "2"]
[White "Grigoriants, Sergey"]
[Black "Chor, Kevin"]
[Result "0-1"]
[Board "33"]
[TimeControl "180+1"]
[WhiteFideId "4130804"]
[BlackFideId "2090740"]
[WhiteElo "2962"]
[BlackElo "2614"]
[WhiteTeam "HUN"]
[BlackTeam "USA"]
[WhiteClock "0:00:00"]
[BlackClock "0:00:25"]

1. d4 Nf6 2. c4 g6 3. f3 Bg7 4. e4 d6 5. Nc3 O-O 6. Be3 e5 7. d5 a5 8. Nge2 Na6 9. g4 c6 10. Ng3 cxd5 11. cxd5 Bd7 12. h4 Rb8 13. a4 Nb4 14. h5 Ne8 15. Bb5 f5 16. h6 f4 17. hxg7 Nxg7 18. Bf2 fxg3 19. Bxg3 Bxb5 20. axb5 Qb6 21. Bf2 Qc7 22. Qe2 Rf7 23. b6 Qd7 24. Rxa5 Rbf8 25. Rh3 Ne8 26. Ra4 Na6 27. Ra3 Nf6 28. Be3 Nh5 29. Nb1 Nc5 30. Nd2 Nf4 31. Bxf4 exf4 32. Kf2 h5 33. Rh1 hxg4 34. fxg4 f3 35. Qe3 Qxg4 36. Rh2 Rf4 37. b4 Rxe4 0-1

[Event "January 2 Late 2024"]
[Site "https://www.chess.com"]
[Date "2024.01.02"]
[Round "2"]
[White "Luo, Terry"]
[Black "Bok, Benjamin"]
[Result "0-1"]
[Board "34"]
[TimeControl "180+1"]
[WhiteFideId "30931045"]
[BlackFideId "1017063"]
[WhiteElo "2611"]
[BlackElo "2955"]
[WhiteTeam "USA"]
[BlackTeam "NED"]
[WhiteClock "0:00:57"]
[BlackClock "0:02:40"]

1. d4 Nf6 2. c4 e6 3. Nc3 Bb4 4. e3 O-O 5. Bd3 d5 6. a3 Bxc3+ 7. bxc3 dxc4 8. Bxc4 c5 9. Bb2 Qc7 10. Bd3 Nc6 11. Nf3 e5 12. dxe5 Nxe5 13. Nxe5 Qxe5 14. Qe2 Bf5 15. c4 Qe6 16. Bxf5 Qxf5 17. Qf3 Qxf3 18. gxf3 Nd7 19. Ke2 Nb6 20. Rhc1 Na4 21. Be5 f6 22. Bg3 Rfd8 23. Rab1 Rd7 24. Rc2 Rad8 25. h4 b6 26. h5 Rd3 27. f4 Nc3+ 0-1

[Event "January 2 Late 2024"]
[Site "https://www.chess.com"]
[Date "2024.01.02"]
[Round "2"]
[White "Kamsky, Gata"]
[Black "Golubev, Mikhail"]
[Result "1-0"]
[Board "35"]
[TimeControl "180+1"]
[WhiteFideId "2000024"]
[BlackFideId "14100983"]
[WhiteElo "2955"]
[BlackElo "2611"]
[WhiteTeam "USA"]
[BlackTeam "UKR"]
[WhiteClock "0:00:16"]
[BlackClock "0:00:00"]

1. e4 c5 2. Nf3 d6 3. d4 cxd4 4. Nxd4 Nf6 5. Nc3 g6 6. Be2 Bg7 7. O-O O-O 8. Be3 Nc6 9. Qd2 Bd7 10. Rfd1 Rc8 11. f3 a6 12. a4 Ne5 13. a5 Re8 14. Kh1 Nc4 15. Bxc4 Rxc4 16. Nde2 Qc8 17. b3 Rc6 18. Ra2 Ng4 19. Bd4 Bxd4 20. Qxd4 e5 21. Qg1 Nf6 22. Qe3 Be6 23. Rd3 Kg7 24. Qd2 Qc7 25. Na4 d5 26. exd5 Nxd5 27. c4 Nf6 28. Ng3 h5 29. Nc3 h4 30. Nge4 Nxe4 31. Nxe4 Qe7 32. c5 f6 33. Ra1 h3 34. g3 g5 35. b4 Bf5 36. g4 Bxe4 37. fxe4 Qe6 38. Rd7+ Re7 39. Rxe7+ Qxe7 40. Rd1 Rc7 41. Qd6 Qf7 42. Qd5 Re7 43. Qxf7+ Kxf7 44. Kg1 Re6 45. Kf2 Ke7 46. Kg3 Rc6 47. Kxh3 Rc8 48. Kg3 Rh8 49. Rd6 Rc8 50. h3 Rc7 51. h4 gxh4+ 52. Kxh4 Rc8 53. Kg3 Rg8 54. Rb6 1-0

[Event "January 2 Late 2024"]
[Site "https://www.chess.com"]
[Date "2024.01.02"]
[Round "2"]
[White "Ambartsumova, Karina"]
[Black "Yoo, Christopher Woojin"]
[Result "0-1"]
[Board "36"]
[TimeControl "180+1"]
[WhiteFideId "4166299"]
[BlackFideId "30909694"]
[WhiteElo "2606"]
[BlackElo "2944"]
[WhiteTeam "RUS"]
[BlackTeam "USA"]
[WhiteClock "0:00:08"]
[BlackClock "0:00:08"]

1. d4 Nf6 2. c4 e6 3. Nc3 d5 4. cxd5 exd5 5. Bg5 Be7 6. e3 O-O 7. Bd3 Nbd7 8. Nf3 c6 9. O-O Ne4 10. Bxe7 Qxe7 11. Qc2 Ndf6 12. a3 Nxc3 13. bxc3 c5 14. c4 Bg4 15. Ne5 cxd4 16. Nxg4 Nxg4 17. Bxh7+ Kh8 18. Bf5 Nh6 19. cxd5 dxe3 20. Rfe1 Qe5 21. Bh3 exf2+ 22. Qxf2 Qxd5 23. Rad1 Qg5 24. Rd7 b6 25. Red1 Rad8 26. g3 Rxd7 27. Rxd7 a5 28. Rd1 b5 29. Bf1 Ng4 30. Qd4 Ne3 31. Rb1 Nxf1 32. Rxf1 Kg8 33. Kg2 Re8 34. Rf2 Qg6 35. Qf4 Rc8 36. Qf5 Qxf5 37. Rxf5 Rb8 38. Rf3 b4 39. axb4 axb4 40. Rb3 f6 41. Kf3 Kf7 42. Ke4 Ke6 43. h4 Kd6 44. g4 Kc5 45. Kf5 Kc4 46. Rb1 b3 47. g5 fxg5 48. hxg5 Rb7 49. Kg6 Kc3 50. Rh1 b2 51. Rh3+ Kc2 52. Rh2+ Kb3 53. Rh1 Ka2 54. Kh7 b1=Q+ 55. Rxb1 Kxb1 56. g6 Kc2 57. Kh8 Kd3 0-1

[Event "January 2 Late 2024"]
[Site "https://www.chess.com"]
[Date "2024.01.02"]
[Round "2"]
[White "Santos Latasa, Jaime"]
[Black "Sowa, Ryan"]
[Result "0-1"]
[Board "37"]
[TimeControl "180+1"]
[WhiteFideId "2293307"]
[BlackFideId "30901693"]
[WhiteElo "2936"]
[BlackElo "2605"]
[WhiteTeam "ESP"]
[BlackTeam "USA"]
[WhiteClock "0:00:49"]
[BlackClock "0:00:35"]

1. Nf3 Nf6 2. b3 g6 3. Bb2 Bg7 4. d4 O-O 5. e3 d6 6. Be2 Nfd7 7. O-O Nc6 8. c4 e5 9. dxe5 Ndxe5 10. Nc3 Nxf3+ 11. Bxf3 Ne5 12. Be2 b6 13. Qd2 Bb7 14. Nd5 Nd7 15. Rad1 Bxd5 16. cxd5 Bxb2 17. Qxb2 a5 18. a3 Nc5 19. b4 axb4 20. axb4 Nd7 21. Rc1 Ra7 22. Ra1 Rxa1 23. Rxa1 Nf6 24. Bf3 Nd7 25. Qc3 Qf6 26. Qxf6 Nxf6 27. Ra7 Rc8 28. h4 h5 29. Kf1 Kf8 30. Ke2 Ke7 31. Kd3 Kd7 32. Kd4 Re8 33. g3 Re5 34. Ra8 Rf5 35. Be2 Rxd5+ 36. Kc4 Rd2 37. Bf3 d5+ 38. Kc3 Rxf2 39. Bd1 Ne4+ 40. Kb3 Nxg3 41. Bc2 Nf5 42. Kc3 Nxe3 43. Ba4+ c6 44. Ra7+ Kd6 45. Ra6 Nc4 46. Ra7 b5 47. Bc2 Rf4 48. Bd3 Ne5 49. Be2 Rxh4 0-1

[Event "January 2 Late 2024"]
[Site "https://www.chess.com"]
[Date "2024.01.02"]
[Round "2"]
[White "Silva, Caio Henrique Angelico"]
[Black "Alekseenko, Kirill"]
[Result "1/2-1/2"]
[Board "38"]
[TimeControl "180+1"]
[WhiteFideId "22777210"]
[BlackFideId "4135539"]
[WhiteElo "2603"]
[BlackElo "2935"]
[WhiteTeam "BRA"]
[BlackTeam "AUT"]
[WhiteClock "0:00:14"]
[BlackClock "0:00:06"]

1. d4 d5 2. Nf3 Nf6 3. g3 Bf5 4. c4 e6 5. Nc3 c6 6. Nh4 Bg4 7. h3 Bh5 8. g4 Nfd7 9. Nf3 Bg6 10. Bg2 Bd6 11. Bg5 Be7 12. Bxe7 Qxe7 13. Qb3 Nb6 14. cxd5 exd5 15. Ne5 N8d7 16. Nxg6 hxg6 17. O-O O-O 18. Rfe1 Rfe8 19. e4 dxe4 20. Rxe4 Qf8 21. Rxe8 Rxe8 22. d5 Ne5 23. dxc6 bxc6 24. Ne4 Nd5 25. Rd1 Rd8 26. Nc3 Nf4 27. Rxd8 Qxd8 28. Qd1 Qb6 29. Qd2 Nxh3+ 30. Kf1 Nxf2 31. Qxf2 Qxf2+ 32. Kxf2 Nxg4+ 33. Kg3 Ne5 34. Kf4 f6 35. Ne4 Kf7 36. Nc5 g5+ 37. Ke4 Ke7 38. b4 g6 39. a4 Kd6 40. Nb7+ Kc7 41. Nc5 Kd6 42. Nb7+ Kc7 43. Nc5 Nf7 44. Kd4 g4 45. Ne6+ Kd6 46. Nc5 f5 47. Nb7+ Kc7 48. Na5 f4 49. Bxc6 f3 50. Ke3 Ne5 51. Be4 g5 52. Nb3 Nc4+ 53. Kf2 Nb2 54. Nc5 Kd6 55. a5 Nc4 56. a6 Ne5 57. Nd3 Nc4 58. Bxf3 gxf3 59. Kxf3 Kc7 60. Kg4 Kb6 61. Nc5 Ne3+ 62. Kxg5 Nd5 63. Nd3 Kxa6 64. Kf5 Kb5 65. Ke5 Nxb4 66. Nb2 a5 67. Kd4 Nc6+ 68. Kc3 Ne7 69. Kb3 Nd5 70. Na4 Nb4 71. Nc3+ Kb6 72. Ka4 Na6 73. Nd5+ Kc5 74. Kxa5 1/2-1/2

[Event "January 2 Late 2024"]
[Site "https://www.chess.com"]
[Date "2024.01.02"]
[Round "2"]
[White "Kovalev, Vladislav"]
[Black "Garcia, Erick"]
[Result "0-1"]
[Board "39"]
[TimeControl "180+1"]
[WhiteFideId "13504398"]
[BlackFideId "2058880"]
[WhiteElo "2934"]
[BlackElo "2603"]
[WhiteTeam "FID"]
[BlackTeam "USA"]
[WhiteClock "0:00:00"]
[BlackClock "0:00:32"]

1. e4 e5 2. Nf3 Nc6 3. Bb5 a6 4. Ba4 Nf6 5. O-O Be7 6. d3 b5 7. Bb3 O-O 8. Nc3 d6 9. a3 Na5 10. Ba2 c5 11. Bg5 Be6 12. b4 Nc6 13. Nd5 Bxd5 14. exd5 Nd4 15. bxc5 Nxf3+ 16. Qxf3 dxc5 17. Rfe1 Bd6 18. a4 h6 19. Bh4 Re8 20. Bb3 g5 21. Bg3 Kg7 22. c4 b4 23. a5 Re7 24. Ba4 Rb8 25. Bc6 Qc8 26. h3 g4 27. hxg4 Qxg4 28. Qxg4+ Nxg4 29. f3 Nf6 30. Bh4 Rc7 31. Kf2 Kg6 32. Bg3 Re7 33. Re2 Nh5 34. Bh2 Nf4 35. Bxf4 exf4 36. Rxe7 Bxe7 37. Ke2 b3 38. Rb1 b2 39. Kd2 Bf6 40. d6 Bd4 41. Kc2 Kf6 42. Re1 Be3 43. Rb1 Bd4 44. Re1 Be3 45. Rb1 Bc1 46. d4 cxd4 47. c5 Ke6 48. Kd3 Rc8 49. Bb7 Rxc5 50. Kxd4 Kxd6 51. Bxa6 Rxa5 52. Bd3 Rd5+ 53. Ke4 Ra5 54. Bc2 Kc5 55. Kf5 Kc4+ 56. Kf6 Kc3 57. Be4 Rg5 58. Kxf7 Rxg2 59. Kf6 h5 60. Bf5 h4 61. Ke5 Rg3 62. Ke4 h3 63. Bxh3 Rxh3 0-1

[Event "January 2 Late 2024"]
[Site "https://www.chess.com"]
[Date "2024.01.02"]
[Round "2"]
[White "Olenik Campa, Rudi"]
[Black "Popov, Konstantin"]
[Result "1/2-1/2"]
[Board "40"]
[TimeControl "180+1"]
[WhiteFideId "14633264"]
[BlackFideId "34137910"]
[WhiteElo "2594"]
[BlackElo "2923"]
[WhiteTeam "SLO"]
[BlackTeam "FID"]
[WhiteClock "0:00:48"]
[BlackClock "0:00:17"]

1. e4 c5 2. Nf3 d6 3. d4 cxd4 4. Nxd4 Nf6 5. f3 e5 6. Nb3 Be6 7. c4 Nbd7 8. Be3 Rc8 9. Nc3 a6 10. Rc1 Bxc4 11. Bxc4 Rxc4 12. Qd3 Rc8 13. O-O Be7 14. Nd5 Nxd5 15. Qxd5 b5 16. Rxc8 Qxc8 17. Rc1 Qd8 18. Qb7 Nc5 19. Nxc5 dxc5 20. Qc6+ Qd7 21. Qxd7+ Kxd7 22. Bxc5 Rc8 23. Rd1+ Ke6 24. Bxe7 Kxe7 25. Rd2 g6 26. Kf2 Ke6 27. Ke2 f5 28. Kd3 Kf6 29. Ke2 Rc6 30. g3 h5 31. h4 g5 32. hxg5+ Kxg5 33. exf5 Kxf5 34. Ke3 Rc1 35. Rd6 Re1+ 36. Kf2 Rb1 37. Rxa6 Rxb2+ 38. Ke3 Rg2 39. Rh6 Kg5 40. Re6 Kf5 41. Rh6 Rxa2 42. Rxh5+ Ke6 43. f4 Ra3+ 44. Kf2 exf4 45. Rxb5 Rxg3 46. Rh5 Kf6 47. Ra5 Kg6 48. Rb5 Re3 49. Ra5 Kf6 50. Rb5 Re5 51. Rxe5 Kxe5 52. Kf3 Kf5 53. Kf2 1/2-1/2